 Dungeon Crawl Stone Soup version 0.27-a0-334-g52645efa06 (webtiles) character file.

Game seed: 17167870281844290650

3761 mobtown the Purveyor of Pain (level 9, -10/47 HPs)
             Began as a Deep Elf Necromancer on Feb 14, 2021.
             Was an Initiate of Kikubaaqudgha.
             Mangled by a two-headed ogre
             ... wielding a +0 giant spiked club
              (23 damage)
             ... on level 8 of the Dungeon.
             The game lasted 00:37:15 (8451 turns).

mobtown the Purveyor of Pain (Deep Elf Necromancer) Turns: 8451, Time: 00:37:15

Health: -10/47     AC:  6    Str:  5    XL:     9   Next: 94%
Magic:  15/24      EV: 15    Int: 27    God:    Kikubaaqudgha [......]
Gold:   296        SH:  0    Dex: 21    Spells: 13/27 levels left

rFire    . . .     SeeInvis .   i - staff of death
rCold    . . .     Faith    .   (no shield)
rNeg     + . .     Spirit   .   a - +0 robe
rPois    .         Reflect  .   r - +2 hat {Int+3}
rElec    .         Harm     .   n - +0 cloak
rCorr    .         Rampage  .   A - +0 pair of gloves
Will     .....                  (no boots)
Stlth    +++.......             o - amulet of regeneration
HPRegen  0.55/turn              F - +6 ring of dexterity
MPRegen  0.19/turn              B - ring of wizardry

@: marked
A: no striking features
a: Renounce Religion


You were on level 8 of the Dungeon.
You worshipped Kikubaaqudgha.
Kikubaaqudgha was noncommittal.
You visited 2 branches of the dungeon, and saw 9 of its levels.

You collected 296 gold pieces.

Inventory:

Hand Weapons
 f - a +2 dagger of holy wrath
 l - a +4 spear
Missiles
 b - 229 stones
Armour
 a - a +0 robe (worn)
 n - a +0 cloak (worn)
 r - a +2 hat of intelligence (worn)
 A - a +0 pair of gloves (worn)
Magical Staves
 i - a staff of death (weapon)
Jewellery
 o - an amulet of regeneration (around neck)
 q - an amulet of guardian spirit
 w - a +6 ring of intelligence
 B - a ring of wizardry (right hand)
 F - a +6 ring of dexterity (left hand)
Wands
 p - a wand of random effects (42)
 s - a wand of flame (24)
 t - a wand of mindburst (15)
 x - a wand of digging (2)
 C - a wand of iceblast (14)
Scrolls
 c - 3 scrolls of immolation {unknown}
 d - 9 scrolls of identify {unknown}
 e - 2 scrolls of amnesia {unknown}
 g - 2 scrolls of fog {unknown}
 h - a scroll of blinking {unknown}
 m - a scroll of noise {unknown}
 v - a scroll of vulnerability {unknown}
 y - 2 scrolls of teleportation {unknown}
Potions
 j - 2 potions of flight
 k - 3 potions of might
 u - a potion of brilliance {unknown}
 z - a potion of cancellation {unknown}
 D - a potion of haste {unknown}
 E - a potion of resistance {unknown}


   Skills:
 + Level 1.4 Fighting
 + Level 1.9 Short Blades
 + Level 2.5 Staves
 + Level 4.2 Dodging
 + Level 4.3 Stealth
 + Level 9.7 Spellcasting
 * Level 12.1 Necromancy
 * Level 4.0 Fire Magic
 * Level 3.5 Evocations


You had 13 spell levels left.
You knew the following spells:

 Your Spells              Type           Power        Failure   Level
a - Pain                  Necr           100%         1%          1
b - Animate Skeleton      Necr           100%         1%          1
c - Vampiric Draining     Necr           43%          1%          3
d - Animate Dead          Necr           43%          1%          4
e - Bolt of Magma         Conj/Fire/Erth 10%          26%         5

Your spell library contained the following spells:

 Spells                   Type           Power        Failure   Level
 Agony                    Necr           87%          1%          5
 Confusing Touch          Hex            13%          5%          3
 Gell's Gravitas          Tloc           6%           5%          3
 Petrify                  Tmut/Erth      13%          17%         4
 Iskenderun's Battlesphe  Conj           13%          43%         5
 Metabolic Englaciation   Hex/Ice        6%           43%         5
 Yara's Violent Unravell  Hex/Tmut       6%           43%         5
 Iron Shot                Conj/Erth      6%           92%         6
 Orb of Destruction       Conj           6%           100%        7
 Spellforged Servitor     Conj/Summ      6%           100%        7


Dungeon Overview and Level Annotations

Branches:
Dungeon (8/15)             Temple (1/1) D:6
   Lair: D:8-11

Altars:
Ashenzari
Dithmenos
Elyvilon
Kikubaaqudgha
Makhleb
Nemelex Xobeh
Okawaru
Uskayaw
Wu Jian

Shops:
D:5 [

Annotations:
D:3 2 transporters, BearBoy19's ghost, amateur OgHu
D:4 1 runed translucent door, Zonian's ghost, amateur DsGl


Message History

Your +2 dagger of holy wrath stops glowing.
i - a staff of death (weapon)
Casting: Pain (safe; 1% risk of failure)
Confirm with . or Enter, or press ? or * to list all spells.
Aiming: Vampiric Draining (safe; 1% risk of failure)
Press: ? - help, Shift-Dir - straight line, f - two-headed ogre
Aim: a two-headed ogre, wielding a +0 giant spiked club and a +0 dire flail You feel a surge of power!
The two-headed ogre is lightly wounded.
You feel life coursing into your body.
The two-headed ogre hits you with a +0 giant spiked club!
The two-headed ogre hits you with a +0 dire flail!
* * * LOW HITPOINT WARNING * * *
A jelly comes into view.
Casting: Vampiric Draining (safe; 1% risk of failure)
Confirm with . or Enter, or press ? or * to list all spells.
Aiming: Vampiric Draining (safe; 1% risk of failure)
Press: ? - help, Shift-Dir - straight line, f/p - two-headed ogre
Aim: a two-headed ogre, wielding a +0 giant spiked club and a +0 dire flail (lightly wounded)
You feel a surge of power!
The two-headed ogre is moderately wounded.
You feel life coursing into your body.
The two-headed ogre hits you with a +0 giant spiked club.
The two-headed ogre hits you with a +0 dire flail!
* * * LOW HITPOINT WARNING * * *
Casting: Vampiric Draining (safe; 1% risk of failure)
Confirm with . or Enter, or press ? or * to list all spells.
Okay, then.
Okay, then.
Casting: Vampiric Draining (safe; 1% risk of failure)
Confirm with . or Enter, or press ? or * to list all spells.
Aiming: Vampiric Draining (safe; 1% risk of failure)
Press: ? - help, Shift-Dir - straight line, f/p - two-headed ogre
Aim: a two-headed ogre, wielding a +0 giant spiked club and a +0 dire flail (moderately wounded)
You feel a surge of power!
The two-headed ogre is heavily wounded.
You feel life coursing into your body.
The two-headed ogre hits you with a +0 giant spiked club!!
You die...
Kikubaaqudgha rasps: "You have failed me!
Welcome... death!"

#).......#.#.....#
#..<#.####'####..#
#.#.#.#.^#.#^.#..##
...#.#.##^#.#^##...## ..#.
..#.#.^#.#^.#....# ## ..
#.#.##^#.#^##.#..# #.
#.#.#.^#.#^.#.#..# ##### ..
#.#.####'####....# ##...#
#.#.....hO@......#####..#..
#####..######.##.....###.
####...#####.##.###..#..
........#..†....##.# ##..)#
###.......<........# ##.##
#......######.#### #.#
#.####.# #.# #.# ... #.#
#.# #.# .## #.. #.# #.#


You could see a two-headed ogre and a hound.

Vanquished Creatures
  Gastronok (D:8)
  Grinder (D:6)
  Prince Ribbit (D:5)
  Sigmund (D:5)
  3 sky beasts
  An eye of draining (D:5)
  2 ogres
  A centaur (D:7)
  A phantom (D:4)
  5 bullfrogs
  A scorpion (D:4)
  2 howler monkeys
  A bullfrog zombie (D:5)
  3 bullfrog skeletons
  2 hounds (D:4)
  2 orc priests
  An iguana (D:7)
  2 orc wizards
  2 worker ants
  3 gnolls (D:3)
  9 adders
  2 white imps
  An adder skeleton (D:4)
  A worm (D:4)
  3 dart slugs (D:1)
  4 leopard geckos
  7 orcs
  2 ball pythons (D:2)
  7 bats
  4 giant cockroaches
  9 goblins
  8 hobgoblins
  6 jackals
  7 kobolds
  A quokka (D:4)
  4 frilled lizards
  A giant cockroach zombie (D:5)
  2 jackal skeletons
  A leopard gecko zombie (D:8)
  A quokka zombie (D:5)
  7 rats
123 creatures vanquished.

Vanquished Creatures (others)
  6 plants (D:4)
6 creatures vanquished.

Grand Total: 129 creatures vanquished

Notes
Turn   | Place    | Note
-------+----------+-------------------------------------------
     0 | D:1      | mobtown the Deep Elf Necromancer began the quest for the
                  | Orb.
     0 | D:1      | Reached XP level 1. HP: 10/10 MP: 6/6
    67 | D:1      | Reached skill level 5 in Necromancy
   157 | D:1      | Reached XP level 2. HP: 10/15 MP: 2/8
   857 | D:1      | Reached XP level 3. HP: 11/19 MP: 6/9
   859 | D:1      | Learned a level 1 spell: Animate Skeleton
   863 | D:1      | Learned a level 3 spell: Vampiric Draining
  1154 | D:1      | Reached skill level 6 in Necromancy
  1800 | D:2      | Found a hide-covered altar of Uskayaw.
  2096 | D:2      | Reached XP level 4. HP: 23/24 MP: 9/11
  2372 | D:2      | Found an iron altar of Okawaru.
  2909 | D:3      | Found a burning altar of Makhleb.
  3049 | D:3      | Found a transporter.
  3054 | D:3      | Noticed an ogre
  3054 | D:3      | Noticed BearBoy19's ghost (amateur OgHu)
  3056 | D:3      | Noticed an ogre
  3058 | D:3      | Found a transporter.
  3727 | D:4      | Reached XP level 5. HP: 18/28 MP: 9/13
  3822 | D:4      | You fall into a shaft and drop 1 floor!
  3822 | D:5      | Entered Level 5 of the Dungeon
  3918 | D:4      | Reached skill level 7 in Necromancy
  4105 | D:4      | Noticed an ogre
  4113 | D:4      | Killed an ogre
  4180 | D:4      | Reached skill level 5 in Spellcasting
  4180 | D:4      | Reached XP level 6. HP: 30/32 MP: 1/15
  4185 | D:4      | Learned a level 4 spell: Animate Dead
  4549 | D:4      | Reached skill level 8 in Necromancy
  4742 | D:4      | Found a runed translucent door.
  4749 | D:4      | Noticed Zonian's ghost (amateur DsGl)
  5159 | D:5      | Reached XP level 7. HP: 31/36 MP: 17/17
  5288 | D:5      | Found a shadowy altar of Dithmenos.
  5468 | D:5      | Found Zaph's Antique Armour Boutique.
  5487 | D:5      | Reached skill level 1 in Short Blades
  5562 | D:5      | Reached skill level 9 in Necromancy
  6102 | D:5      | Noticed Prince Ribbit
  6112 | D:5      | Killed Prince Ribbit
  6113 | D:5      | Reached skill level 1 in Staves
  6113 | D:5      | Reached XP level 8. HP: 25/42 MP: 6/20
  6230 | D:5      | Noticed Sigmund
  6249 | D:5      | Killed Sigmund
  6250 | D:5      | Reached skill level 1 in Fighting
  6382 | D:6      | Reached skill level 10 in Necromancy
  6500 | D:6      | Found a staircase to the Ecumenical Temple.
  6510 | Temple   | Entered the Ecumenical Temple
  6514 | Temple   | Became a worshipper of Kikubaaqudgha
  6657 | D:6      | Reached skill level 1 in Evocations
  6677 | D:6      | Found a white marble altar of Elyvilon.
  7049 | D:6      | Noticed Grinder
  7073 | D:6      | Paralysed by Grinder for 6 turns
  7086 | D:6      | Killed Grinder
  7383 | D:7      | Learned a level 5 spell: Bolt of Magma
  7543 | D:7      | Reached skill level 1 in Fire Magic
  7633 | D:7      | Reached XP level 9. HP: 47/47 MP: 23/23
  8034 | D:8      | Noticed Gastronok
  8050 | D:8      | HP: 2/47 [Gastronok (32)]
  8057 | D:8      | Killed Gastronok
  8058 | D:8      | Reached skill level 12 in Necromancy
  8443 | D:8      | Noticed a two-headed ogre
  8451 | D:8      | Mangled by a two-headed ogre

Illustrated notes

Levels and vault maps discovered:
D:1:      zelgadis_glass_arrival_small, layout_loops_ring,
          minmay_strange_pillars
D:2:      layout_basic, eat_drink_and_be_merry_uskayaw, okawaru_gym_becter
D:3:      layout_loops_ring, lightli_temple_of_fire, gammafunk_ghost_smash
D:4:      layout_loops_ring, ebering_ghost_sewer_d, serial_bayou,
          serial_bayou_pond_e, serial_bayou_lagoon_b, serial_bayou_shore_b,
          serial_bayou_pond_e
D:5:      lemuel_upstairs_altar, layout_basic, overflow_temple_1_default,
          serial_shops, nicolae_shop_temple_entry_statues_fountains,
          uniq_prince_ribbit1, uniq_sigmund
D:6:      layout_basic, general_overflow_altar, nicolae_overflow_hidden_temple,
          temple_fountains, uniq_grinder
D:7:      layout_basic
D:8:      layout_loops_ring, kennysheep_mini, gammafunk_ghost_berserking_beasts,
          grunt_tough_drop, uniq_gastronok
Temple:   zaba_magenta_temple

Skill      XL: |  1  2  3  4  5  6  7  8  9 |
---------------+----------------------------+-----
Necromancy     | 5 6 7 8 9 10 12 | 12.1
Spellcasting   | 4 5 6 8 9 |  9.7
Stealth        | 3 4 |  4.3
Dodging        | 3 4 |  4.2
Short Blades   | 1 |  1.9
Staves         | 1 2 |  2.5
Fighting       | 1 |  1.4
Evocations     | 2 3 |  3.5
Fire Magic     | 2 4 |  4.0

Action                   |  1- 3 |  4- 6 |  7- 9 || total
-------------------------+-------+-------+-------++-------
Melee: Dagger            |     5 |    49 |    61 ||   115
       Staff             |       |     4 |   107 ||   111
 Cast: Pain              |    66 |    65 |    19 ||   150
       Vampiric Draining |       |     7 |    38 ||    45
       Animate Skeleton  |       |       |     1 ||     1
Evoke: Wand              |       |       |     2 ||     2
  Use: Potion            |       |     6 |     5 ||    11
 Stab: Sleeping          |     2 |     4 |     8 ||    14
Armor: Robe              |     2 |     8 |    24 ||    34
Dodge: Dodged            |     2 |    43 |   108 ||   153

Table legend: (Time is in decaauts)
 A = Elapsed time spent in this place.
 B = Non-inter-level travel time spent in this place.
 C = Inter-level travel time spent in this place.
 D = Time resting spent in this place.
 E = Time spent auto-exploring this place.
 F = Levels seen in this place.
 G = Mean time per level.
                   A        B        C        D        E       F      G
               +--------+--------+--------+--------+--------+-----+--------+
         Total |   8484 |   8484 |      0 |   1567 |   5424 |   9 |  942.7 |
       Dungeon |   8462 |   8462 |      0 |   1567 |   5424 |   8 | 1057.8 |
        Temple |     21 |     21 |      0 |      0 |      0 |   1 |   21.0 |
               +--------+--------+--------+--------+--------+-----+--------+

Top non-repeatable levels by time:
     D:1: 1455 daAuts
     D:5: 1382 daAuts
     D:4: 1311 daAuts
     D:2: 1256 daAuts
     D:3: 999 daAuts
     D:6: 927 daAuts
     D:7: 712 daAuts
     D:8: 418 daAuts
  Temple: 21 daAuts
